 Dungeon Crawl Stone Soup version 0.31-a0-154-g56bf346678 (webtiles) character file.

Game seed: 15030445421161341664

697 MackTheKnife the Magician (level 7, -1/50 HPs)
             Began as a Mummy Brigand on June 11, 2023.
             Was a Plaything of Xom.
             Slain by an orc
             ... wielding a +0 mace
              (3 damage)
             ... on level 3 of the Dungeon.
             The game lasted 00:05:30 (2925 turns).

MackTheKnife the Magician (Mummy Brigand)           Turns: 2925, Time: 00:05:30

Health: -1/50      AC:  5    Str: 14    XL:     7   Next: 37%
Magic:  26/26      EV: 11    Int: 17    God:    Xom [..*...]
Gold:   164        SH:  0    Dex: 15    Spells: 16/19 levels left

rFire   x . .        q - +0 dagger (elec) {short}
rCold   + . .        (no shield)
rNeg    + + +        l - +0 leather armour
rPois   ∞            (no helmet)
rElec   .            c - +0 cloak
rCorr   .            p - +0 pair of gloves
SInv    .            (no boots)
Will    .....        (no amulet)
Stlth   ++           i - ring of magical power
HPRegen 0.28/turn    o - +6 ring of intelligence
MPRegen 0.20/turn

%: faith
@: no status effects
A: cold resistance 1, negative energy resistance 3, torment resistance 2, heat
vulnerability 1, in touch with death 1, no potions, faith
a: Renounce Religion


You were on level 3 of the Dungeon.
You worshipped Xom.
You were a toy of Xom.
You visited 1 branch of the dungeon, and saw 4 of its levels.

You collected 164 gold pieces.


Innate Abilities, Weirdness & Mutations

You are immune to poison.
Your flesh is cold resistant. (rC+)
You are immune to negative energy. (rN+++)
You are immune to unholy pain and torment.
You are vulnerable to heat. (rF-)
You are in touch with the powers of death.
You do not drink.
You have a special connection with the divine. (Faith)


   Skills:
 - Level 2.0 Fighting
 - Level 3.2 Short Blades
 - Level 1.5 Throwing
 - Level 0.7 Dodging
 - Level 3.2 Stealth
 + Level 6.7 Spellcasting
 + Level 3.1 Summonings
 - Level 1.2 Evocations


You had 16 spell levels left.
You knew the following spells:

 Your Spells              Type           Power      Damage    Failure   Level
a - Call Canine Familiar  Summ           16%        N/A       12%         3

Your spell library contained the following spells:

 Spells                   Type           Power      Damage    Failure   Level
 Portal Projectile        Hex/Tloc       10%        N/A       41%         3
 Leda's Liquefaction      Hex/Erth       2%         N/A       83%         4
 Petrify                  Tmut/Erth      5%         N/A       83%         4
 Irradiate                Conj/Tmut      2%         3d12      99%         5
 Simulacrum               Ice/Necr       4%         N/A       100%        6
 Ozocubu's Refrigeration  Ice            2%         4d8       100%        7
 Polar Vortex             Ice            2%         N/A       100%        9
 Sublimation of Blood     Necr           Unusable   N/A       N/A         2

Inventory:

Hand Weapons
 q - a +0 dagger of electrocution (weapon) {short}
   (You found it on level 4 of the Dungeon)
Missiles
 d - 11 poisoned darts {throwing}
 e - 3 curare-tipped darts {=fthrowing}
Armour
 c - a +0 cloak (worn)
 l - a +0 leather armour (worn)
   (You found it on level 1 of the Dungeon)
 p - a +0 pair of gloves (worn)
   (You found it on level 4 of the Dungeon)
Jewellery
 i - a ring of magical power (left hand)
   (You found it on level 1 of the Dungeon)
 o - a +6 ring of intelligence (right hand)
   (You found it on level 2 of the Dungeon)
Wands
 r - a wand of roots (2)
   (You found it on level 4 of the Dungeon)
 s - a wand of light (5)
   (Xom gifted it to you on level 3 of the Dungeon)
Scrolls
 a - a scroll of brand weapon {unknown}
 b - a scroll of fear {unknown}
 f - a scroll of enchant weapon {unknown}
 g - a scroll of poison {unknown}
 h - 3 scrolls of identify {unknown}
 j - 2 scrolls of torment {unknown}
 m - a scroll of noise {unknown}
 n - a scroll of acquirement {unknown}
Miscellaneous
 k - a lightning rod (3/4)
   (Xom gifted it to you on level 2 of the Dungeon)

Dungeon Overview and Level Annotations

Branches:
Dungeon (4/15) Zot: 21116
 Temple: D:4-7

Altars:
Kikubaaqudgha
Vehumet
Xom
Yredelemnul

#.>.....# ##...##.######
#...#.........
##....#.........#
#.....#.........#
####.#...#.........# ...
#...§#####.........# b ..
...##§§..##.........# ###_.
......§§.o@..........# .....
.........o##.........#
..#........#....##.........#
......######....###.#.######
#.[..# ###### #.#...##
#..#.## #......## #.....#
##.......# ##....###
#........#
##.#....#######........#


You could see 2 orcs.


Message History

The quokka completely misses you.
A rat comes into view.
You hit the quokka.
You kill the quokka! 😎 HP[+1]
Your hp is fully restored (50).
The orc wizard casts a spell at you.
You easily resist.
You completely miss the orc wizard. The orc wizard closely misses you.
You closely miss the orc wizard. You hit the orc wizard.
The orc wizard casts a spell at you. The magic dart hits you! 😕 HP[-7]
You take 7 damage, and now have 43/50 hp.
The orc wizard barely misses you.
The orc barely misses you. 😕 HP[+1] MP[-3]
You lost 3 mp, and now have 23/26 mp.
You hit the orc wizard but do no damage.
The orc misses you. The rat barely misses you.
The orc wizard gestures at you while chanting.
The puff of flame hits you! The fire burns you terribly!
Xom roars with laughter!
Your hound bites the rat.
The rat dies! 😮 HP[-13]
You take 13 damage, and now have 31/50 hp.
MASSIVE DAMAGE!! (PAUSE)
You are too injured to fight recklessly!
You are too injured to fight recklessly!
You are too injured to fight recklessly!
You are too injured to fight recklessly!
You are too injured to fight recklessly!
You are too injured to fight recklessly!
You are too injured to fight recklessly!
You are too injured to fight recklessly!
You hit the orc wizard. You hit the orc wizard.
Your hound bites the orc.
The orc wizard barely misses you. 😮 HP[+1]
You hit the orc wizard.
Your hound barely misses the orc. x2
You closely miss the orc wizard. The orc wizard completely misses you.
The orc hits you but does no damage.
Your hound bites the orc.
The orc dies! 😮 MP[+1]
You hit the orc wizard. The orc completely misses your hound.
The orc wizard barely misses you.
You hit the orc wizard but do no damage.
Your hound bites the orc wizard.
The orc misses your hound.
The orc wizard gestures at you while chanting.
You are confused.
Your hound bites the orc wizard.
The orc wizard dies!
Unknown command.
Your hound bites the orc but does no damage.
The orc hits your hound with a +0 flail! 😮 HP[+1]
Your hound bites the orc.
The orc hits your hound with a +0 flail.
Your hound dies!
Your hound's corpse disappears in a puff of smoke!
The orc hits you with a +0 mace. 😮 HP[-6] MP[+1]
You take 6 damage, and now have 27/50 hp.
The orc closely misses you. The orc completely misses you. 😮 HP[+1]
The orc hits you with a +0 mace.
* * * LOW HITPOINT WARNING * * *
The orc hits you with a +0 flail!
* * * LOW HITPOINT WARNING * * *
You emit a cloud of colourful smoke! 😨 HP[-13]
You take 13 damage, and now have 15/50 hp.
MASSIVE DAMAGE!! (PAUSE)
You can't drink.
Unknown command.
You're too confused to move!
The orc hits you with a +0 mace.
* * * LOW HITPOINT WARNING * * *
The orc hits you with a +0 flail.
* * * LOW HITPOINT WARNING * * *
😱 HP[-3]
You take 3 damage, and now have 12/50 hp.
Unknown command.
The orc attacks as you move away! The orc barely misses you.
You feel less confused.
Unknown command.
The orc attacks as you move away! The orc hits you with a +0 mace.
* * * LOW HITPOINT WARNING * * *
The orc attacks as you move away! The orc hits you with a +0 flail.
* * * LOW HITPOINT WARNING * * *
😱 HP[-7] MP[+1]
You take 7 damage, and now have 5/50 hp.
Your mp is fully restored (26).
The orc attacks as you move away! The orc hits you with a +0 flail.
* * * LOW HITPOINT WARNING * * *
😱 HP[-3]
You take 3 damage, and now have 2/50 hp.
The orc attacks as you move away! The orc hits you with a +0 mace.
You die...

Skill      XL: |  1  2  3  4  5  6  7 |
---------------+----------------------+-----
Short Blades   | 2 3 |  3.2
Evocations     | 1 |  1.2
Spellcasting   | 4 6 |  6.7
Summonings     | 2 3 |  3.1
Fighting       | |  2.0
Throwing       | |  1.5
Dodging        | |  0.7
Stealth        | |  3.2

Action                     |  1- 3 |  4- 6 |  7- 9 || total
---------------------------+-------+-------+-------++-------
  Melee: Dagger            |   132 |    83 |    67 ||   282
         Punch             |       |       |     1 ||     1
  Throw: Dart              |       |     3 |       ||     3
   Cast: Call Canine Famil |       |       |     3 ||     3
  Evoke: Lightning rod     |     1 |     4 |     2 ||     7
   Stab: Sleeping          |     5 |     7 |     2 ||    14
         Distracted        |       |       |     1 ||     1
 Armour: Robe              |    41 |       |       ||    41
         Leather armour    |       |    17 |    15 ||    32
  Dodge: Dodged            |    71 |    21 |    44 ||   136

Levels and vault maps discovered:
D:1:      dpeg_arrival_snail, layout_basic, dilly_ecumenical_altar_fadedgnrine
D:2:      layout_loops_corners, basic_altar
D:3:      layout_rooms, nemelex_dance_club_becter, grunt_decor_cap
D:4:      minmay_chambers_of_threes, layout_loops_cross,
          gammafunk_temple_overflow_statue, old_standard_altar,
          mainiacjoe_overflow_six_doors_small, uniq_natasha, uniq_menkaure

Notes
Turn   | Place    | Note
-------+----------+-------------------------------------------
     0 | D:1      | MackTheKnife the Mummy Brigand began the quest for the Orb.
     0 | D:1      | Reached XP level 1. HP: 16/16 MP: 1/1
     0 | D:1      | magus.rc [v1.9.6]
   143 | D:1      | Reached skill level 2 in Short Blades
   207 | D:1      | Reached XP level 2. HP: 16/22 MP: 2/2
   610 | D:1      | Found a faded altar of an unknown god.
   617 | D:1      | Prayed at the altar of an unknown god.
   617 | D:1      | Became a worshipper of Xom of Chaos
   696 | D:2      | Gained mutation: You are in touch with the powers of death.
                  | [Mummy growth]
   696 | D:2      | Reached XP level 3. HP: 27/27 MP: 3/3
   743 | D:2      | XOM: silly message
   756 | D:2      | Reached skill level 3 in Short Blades
   808 | D:2      | XOM: silly message
   883 | D:2      | XOM: god gift: lightning rod (4/4)
  1347 | D:2      | Reached skill level 1 in Evocations
  1347 | D:2      | Reached XP level 4. HP: 33/33 MP: 4/4
  1347 | D:2      | You pick up a book of the Hunter and begin reading...
  1347 | D:2      | You add the spells Call Canine Familiar, Portal Projectile
                  | and Leda's Liquefaction to your library.
  1401 | D:2      | Found an ancient bone altar of Kikubaaqudgha.
  1504 | D:2      | You fall into a shaft and drop 2 floors!
  1510 | D:3      | XOM: stealth player
  1521 | D:4      | XOM: smoke on damage
  1590 | D:4      | XOM: chaos upgrade
  1623 | D:4      | Reached skill level 2 in Spellcasting
  1631 | D:4      | Noticed a scorpion
  1634 | D:4      | XOM: potion effect (curing)
  1637 | D:4      | Killed a scorpion
  1638 | D:4      | Reached skill level 4 in Spellcasting
  1638 | D:4      | Reached XP level 5. HP: 36/38 MP: 11/11
  1723 | D:4      | Learned a level 3 spell: Call Canine Familiar
  1821 | D:4      | XOM: scenery: create altars
  1867 | D:4      | Found a basalt altar of Yredelemnul.
  1883 | D:4      | XOM: 1-stop teleportation journey
  1991 | D:4      | Reached XP level 6. HP: 44/44 MP: 13/13
  2018 | D:4      | Reached skill level 5 in Spellcasting
  2018 | D:4      | Reached skill level 1 in Summonings
  2160 | D:4      | Noticed Natasha
  2168 | D:4      | XOM: summons friendly ufetubus
  2169 | D:4      | Killed Natasha
  2174 | D:4      | Noticed Natasha
  2178 | D:4      | Killed Natasha
  2239 | D:4      | Noticed Menkaure
  2245 | D:4      | Killed Menkaure
  2246 | D:4      | Reached skill level 6 in Spellcasting
  2246 | D:4      | Reached skill level 2 in Summonings
  2252 | D:4      | You pick up a book of Ice and begin reading...
  2252 | D:4      | You add the spells Simulacrum, Ozocubu's Refrigeration and
                  | Polar Vortex to your library.
  2386 | D:4      | Noticed Natasha
  2389 | D:4      | Killed Natasha
  2390 | D:4      | Reached XP level 7. HP: 50/50 MP: 16/16
  2527 | D:4      | You pick up a book of Alchemy and begin reading...
  2527 | D:4      | You add the spells Petrify and Irradiate to your library.
  2608 | D:4      | Reached skill level 3 in Summonings
  2817 | D:4      | Found a radiant altar of Vehumet.
  2830 | D:3      | XOM: god gift: wand of light (5)
  2834 | D:3      | XOM: scenery: create altars
  2836 | D:3      | XOM: divination: detect creatures
  2920 | D:3      | XOM: smoke on damage
  2921 | D:3      | HP: 12/50 [orc/+0 flail (2)]
  2923 | D:3      | HP: 4/50 [orc/+0 flail (3)]
  2925 | D:3      | Slain by an orc

Vanquished Creatures
  Menkaure (D:4)
  A scorpion (D:4)
  A hound (D:4)
  2 orc priests (D:4)
  Natasha (thrice) (D:4)
  7 orc wizards (D:4)
  4 adders
  2 worms (D:2)
  6 orcs (D:4)
  4 bats
  9 endoplasms
  A giant cockroach (D:1)
  6 goblins
  7 hobgoblins
  4 jackals (D:2)
  5 quokkas
  3 ball pythons
  2 frilled lizards
  6 kobolds
  7 rats
81 creatures vanquished.

Vanquished Creatures (collateral kills)
  An orc wizard (D:3)
  2 adders (D:4)
  A dart slug (D:4)
  An orc (D:3)
  A giant cockroach (D:4)
  2 goblins (D:4)
  A hobgoblin (D:4)
  A jackal (D:4)
  A kobold (D:4)
  A rat (D:3)
12 creatures vanquished.

Grand Total: 93 creatures vanquished

Table legend:
 A = Non-vault XP
 B = Vault XP
 C = Vault XP percentage of total XP
 D = Non-vault monster count
 E = Vault monster count
 F = Vault count percentage of total count
                 A         B        C        D         E       F
            +---------+---------+-------+---------+---------+-------
      Total |     739 |     257 |  25.8 |      79 |      14 |  15.1
            +---------+---------+-------+---------+---------+-------
        D:1 |      35 |       0 |   0.0 |      21 |       0 |   0.0
        D:2 |      66 |       0 |   0.0 |      21 |       0 |   0.0
        D:3 |      46 |       0 |   0.0 |       7 |       0 |   0.0
        D:4 |     592 |     257 |  30.3 |      30 |      14 |  31.8
            +---------+---------+-------+---------+---------+-------

Skill      XL: |  1  2  3  4  5  6  7 |
---------------+----------------------+-----
Short Blades   | 2 3 |  3.2
Evocations     | 1 |  1.2
Spellcasting   | 4 6 |  6.7
Summonings     | 2 3 |  3.1
Fighting       | |  2.0
Throwing       | |  1.5
Dodging        | |  0.7
Stealth        | |  3.2

Action                     |  1- 3 |  4- 6 |  7- 9 || total
---------------------------+-------+-------+-------++-------
  Melee: Dagger            |   132 |    83 |    67 ||   282
         Punch             |       |       |     1 ||     1
  Throw: Dart              |       |     3 |       ||     3
   Cast: Call Canine Famil |       |       |     3 ||     3
  Evoke: Lightning rod     |     1 |     4 |     2 ||     7
   Stab: Sleeping          |     5 |     7 |     2 ||    14
         Distracted        |       |       |     1 ||     1
 Armour: Robe              |    41 |       |       ||    41
         Leather armour    |       |    17 |    15 ||    32
  Dodge: Dodged            |    71 |    21 |    44 ||   136

Illustrated notes

Table legend:
 A = Kills in this place as a percentage of kills in the entire game.
 B = Kills by you in this place as a percentage of kills by you in the entire game.
 C = Kills by friends in this place as a percentage of kills by friends in the entire game.
 D = Other kills in this place as a percentage of other kills in the entire game.
 E = Experience gained in this place as a percentage of experience gained in the entire game.
 F = Experience gained in this place divided by the number of levels of this place that you have seen.
                   A       B       C       D       E      F
               +-------+-------+-------+-------+-------+----------------------
         Total | 100.0 | 100.0 | 100.0 |   N/A | 100.0 | 249.0
       Dungeon | 100.0 | 100.0 | 100.0 |   N/A | 100.0 | 249.0
               +-------+-------+-------+-------+-------+----------------------

Table legend: (Time is in decaauts)
 A = Elapsed time spent in this place.
 B = Non-inter-level travel time spent in this place.
 C = Inter-level travel time spent in this place.
 D = Time resting spent in this place.
 E = Time spent auto-exploring this place.
 F = Levels seen in this place.
 G = Mean time per level.
                   A        B        C        D        E       F      G
               +--------+--------+--------+--------+--------+-----+--------+
         Total |   2883 |   2760 |    123 |    330 |   1763 |   4 |  720.8 |
       Dungeon |   2883 |   2760 |    123 |    330 |   1763 |   4 |  720.8 |
               +--------+--------+--------+--------+--------+-----+--------+

Top non-repeatable levels by time:
     D:4: 1295 daAuts
     D:2: 784 daAuts
     D:1: 700 daAuts
     D:3: 103 daAuts
